 Dungeon Crawl Stone Soup version 0.30-a0-335-ge5acde7520 (webtiles) character file.

Game seed: 18102893050960220527

104 jlumianski the Grave Robber (level 4, -2/30 HPs)
             Began as a Demonspawn Necromancer on Oct 30, 2022.
             Blown up by Ijyb (16 damage)
             ... with a mindburst bolt
             ... on level 3 of the Dungeon.
             The game lasted 00:17:40 (2910 turns).

jlumianski the Grave Robber (DsNe)                  Turns: 2910, Time: 00:17:41

Health: -2/30      AC: 10    Str:  9    XL:     4   Next: 52%
Magic:  1/8        EV: 10    Int: 18    God:
Gold:   152        SH:  0    Dex: 13    Spells: 4/8 levels left

rFire   . . .      SeeInvis .    h - +0 short sword
rCold   . . .      Faith    .    (no shield)
rNeg    . . .      Spirit   .    k - +0 ring mail
rPois   .          Reflect  .    g - +0 helmet
rElec   .          Harm     .    (no cloak)
rCorr   .          Rampage  .    (no gloves)
Will    .....                    (no boots)
Stlth   +.........               (no amulet)
HPRegen 0.25/turn                n - +4 ring of protection
MPRegen 0.11/turn                (no ring)

@: no status effects
A: foul stench 1
a: no special abilities


You were on level 3 of the Dungeon.
You visited 1 branch of the dungeon, and saw 4 of its levels.

You collected 152 gold pieces.

Inventory:

Hand Weapons
 f - a +0 dagger
 h - a +0 short sword (weapon)
 s - a +1 antimagic dagger
Missiles
 i - 27 stones
 t - a throwing net
Armour
 a - a +0 robe
 e - a +0 leather armour
 g - a +0 helmet (worn)
 k - a +0 ring mail (worn)
 o - a +0 scale mail
Jewellery
 n - a +4 ring of protection (left hand)
Scrolls
 c - a scroll of teleportation
Potions
 b - a potion of magic
 d - a potion of attraction {unknown}
 l - a potion of lignification
 m - 2 potions of heal wounds
 p - a potion of ambrosia {unknown}
 q - 4 potions of curing {unknown}


   Skills:
 + Level 0.2 Fighting
 + Level 0.5 Armour
 + Level 2.0 Dodging
 + Level 1.8 Stealth
 + Level 2.8 Spellcasting
 + Level 5.8 Necromancy


You had 4 spell levels left.
You knew the following spells:

 Your Spells              Type           Power      Damage    Failure   Level
a - Necrotise             Necr           92%        1d8       4%          1
b - Vampiric Draining     Necr           23%        2d7       13%         3

Your spell library contained the following spells:

 Spells                   Type           Power      Damage    Failure   Level
 Animate Dead             Necr           23%        N/A       38%         4
 Agony                    Necr           23%        N/A       75%         5


Dungeon Overview and Level Annotations

Branches:
Dungeon (4/15)
 Temple: D:4-7

Altars:
Kikubaaqudgha

Annotations:
D:1 1 transporter
D:3 Ijyb


Innate Abilities, Weirdness & Mutations

You may rarely emit foul miasma when damaged in melee.


Message History

Aiming: Vampiric Draining (quite dangerous; 13% risk of failure)
Press: ? - help, Shift-Dir - straight line, f/p - Ijyb
Aim: Ijyb, wielding a +0 dagger, wearing a +0 leather armour and carrying a wand of mindburst (5) (moderately wounded)
You draw life force from Ijyb!
You feel life coursing into your body. Ijyb hits you but does no damage.
Casting: Vampiric Draining (quite dangerous; 13% risk of failure)
Confirm with . or Enter, or press ? or * to list all spells.
Aiming: Necrotise (safe; 4% risk of failure)
Press: ? - help, Shift-Dir - straight line, f/p - Ijyb
Aim: Ijyb, wielding a +0 dagger, wearing a +0 leather armour and carrying a wand of mindburst (5) (severely wounded, chance to affect: 87%) Ijyb writhes in agony.
Ijyb zaps a wand.
You barely resist. You closely miss Ijyb.
Ijyb is severely wounded.
Ijyb closely misses you.
You barely miss Ijyb.
Ijyb is severely wounded.
Ijyb hits you but does no damage.
You hit Ijyb but do no damage.
Ijyb is severely wounded.
Ijyb closely misses you.
You hit Ijyb but do no damage.
Ijyb is severely wounded.
Ijyb barely misses you.
You miss Ijyb.
Ijyb is severely wounded.
Ijyb hits you but does no damage.
You hit Ijyb but do no damage.
Ijyb is severely wounded.
Ijyb zaps a wand.
You barely resist. You hit Ijyb but do no damage.
Ijyb is severely wounded.
Ijyb hits you with a +0 dagger.
You closely miss Ijyb.
Ijyb is severely wounded.
Ijyb zaps a wand.
You barely resist. You barely miss Ijyb.
Ijyb is severely wounded.
Ijyb zaps a wand.
Your mind is blasted!
Ouch! That really hurt!
You die...

....#.##.##..####†#...#...#.#
#####........# #....###....#
# ####.###.# ##..## ##..## #
#.# #.# ##..# #..## # #.###.#
#####.# ##..## ########.#...#
#.....# ##..#
.............###.....# ##.#
.....................# #.#
........##.#..##@....# #.#
#.####..#..#..##.g...# #.#
#.# #..#.##..######## #.# #.#
#..#.##..# #.# #.# #........#
#.# #.# ####.##### #.# ..#
#......# #.# .#### #.#.##.#
######.# ....###.#....#
#..>...#


You could see Ijyb.

Vanquished Creatures
  An orc wizard (D:3)
  2 adders (D:2)
  3 dart slugs
  6 endoplasms
  5 giant cockroaches (D:1)
  8 goblins
  A hobgoblin (D:3)
  2 jackals (D:1)
  2 quokkas (D:1)
  6 ball pythons
  2 bats (D:1)
  4 frilled lizards
  2 kobolds (D:1)
  2 rats
46 creatures vanquished.

Vanquished Creatures (collateral kills)
  A ball python (D:3)
  A jackal (D:1)
  A quokka (D:1)
3 creatures vanquished.

Grand Total: 49 creatures vanquished

Notes
Turn   | Place    | Note
-------+----------+-------------------------------------------
     0 | D:1      | jlumianski the Demonspawn Necromancer began the quest for
                  | the Orb.
     0 | D:1      | Reached XP level 1. HP: 13/13 MP: 3/3
   183 | D:1      | Gained mutation: You may rarely emit foul miasma when
                  | damaged in melee. [demonic ancestry]
   183 | D:1      | Reached XP level 2. HP: 7/19 MP: 0/5
   567 | D:1      | Reached skill level 5 in Necromancy
  1151 | D:1      | Reached XP level 3. HP: 24/24 MP: 3/6
  2289 | D:3      | Reached XP level 4. HP: 30/30 MP: 5/8
  2355 | D:3      | Found an ancient bone altar of Kikubaaqudgha.
  2418 | D:3      | Learned a level 3 spell: Vampiric Draining
  2478 | D:3      | Found a faded altar of an unknown god.
  2895 | D:3      | Noticed Ijyb
  2910 | D:3      | Blown up by Ijyb

Illustrated notes

Levels and vault maps discovered:
D:1:      spicycebolla_arrival_risky_transporter, layout_basic,
          minmay_tiny_reverse_x
D:2:      layout_basic
D:3:      layout_loops_cross, mainiacjoe_overflow_boulevard,
          nicolae_ecumenical_snake_handling, uniq_ijyb
D:4:      layout_rooms

Skill      XL: |  1  2  3 |
---------------+----------+-----
Necromancy     | 5 |  5.8
Dodging        | 2 |  2.0
Fighting       | |  0.2
Armour         | |  0.5
Stealth        | |  1.8
Spellcasting   | |  2.8

Action                   |  1- 3 |  4- 6 || total
-------------------------+-------+-------++-------
Melee: Unarmed           |     9 |       ||     9
       Short sword       |     8 |     9 ||    17
       Dagger            |     1 |       ||     1
 Cast: Necrotise         |    68 |    14 ||    82
       Vampiric Draining |       |     2 ||     2
  Use: Scroll            |       |     4 ||     4
       Potion            |       |     1 ||     1
Armor: Robe              |     3 |       ||     3
       Ring mail         |    13 |     4 ||    17
       Leather armour    |     3 |       ||     3
Dodge: Dodged            |    36 |     6 ||    42

Table legend: (Time is in decaauts)
 A = Elapsed time spent in this place.
 B = Non-inter-level travel time spent in this place.
 C = Inter-level travel time spent in this place.
 D = Time resting spent in this place.
 E = Time spent auto-exploring this place.
 F = Levels seen in this place.
 G = Mean time per level.
                   A        B        C        D        E       F      G
               +--------+--------+--------+--------+--------+-----+--------+
         Total |   2910 |   2783 |    127 |    215 |   1872 |   4 |  727.5 |
       Dungeon |   2910 |   2783 |    127 |    215 |   1872 |   4 |  727.5 |
               +--------+--------+--------+--------+--------+-----+--------+

Top non-repeatable levels by time:
     D:1: 1231 daAuts
     D:2: 1034 daAuts
     D:3: 635 daAuts
     D:4: 8 daAuts
